FCL
FCL NEW YORK (N) METS @ FCL HOUSTON ASTROS
05/27/2042
 
TOP OF THE 1ST
FCL New York (N) Mets batting - Pitching for FCL Houston Astros : RHP Dan Allison
Pitching: RHP Dan Allison
Batting: RHB Jim Unknown 0-0: Swinging Strike
0-1: Swinging Strike
0-2: Ball
1-2: Strikes out swinging
Batting: LHB Jim Unknown 0-0: Foul Ball, location: 9LMFF
0-1: Swinging Strike
0-2: Strikes out swinging
Batting: LHB Jim Unknown 0-0: Ball
1-0: Ball
2-0: Ball
3-0: Called Strike
3-1: Called Strike
3-2: Base on Balls
Batting: LHB Jim Unknown 0-0: Foul Ball, location: 7LSF
0-1: Ball
1-1: Swinging Strike
1-2: Foul Ball, location: 2F
1-2: Foul Ball, location: 2F
1-2: Foul Ball, location: 7LSF
1-2: Strikes out swinging
Top of the 1st over - 0 runs, 0 hits, 0 errors, 1 left on base; FCL New York (N) 0 - FCL Houston 0
BOTTOM OF THE 1ST
FCL Houston Astros batting - Pitching for FCL New York (N) Mets : RHP Jim Unknown
Pitching: RHP Jim Unknown
Batting: SHB Ben Payne 0-0: Called Strike
0-1: Foul Ball, location: 2F
0-2: Ball
1-2: Ball
2-2: Fly out, F8 (Flyball, 8RXD, EV 79.4 MPH)
Batting: RHB Luigi Canavan 0-0: Ball
1-0: Ball
2-0: Ball
3-0: Called Strike
3-1: Base on Balls
Batting: LHB Joe Smith 0-0: Ball
Luigi Canavan steals 2nd base
1-0: Ball
2-0: Ball
3-0: Base on Balls
Batting: LHB Jerry Dorsey 0-0: Ball
1-0: Swinging Strike
1-1: Called Strike
1-2: Ball
2-2: Strikes out looking
Batting: RHB Gilberto Rodríguez 0-0: Ball
1-0: Called Strike
1-1: Ball
2-1: Swinging Strike
2-2: Strikes out looking
Bottom of the 1st over - 0 runs, 0 hits, 0 errors, 2 left on base; FCL New York (N) 0 - FCL Houston 0
TOP OF THE 2ND
FCL New York (N) Mets batting - Pitching for FCL Houston Astros : RHP Dan Allison
Batting: SHB Jim Unknown 0-0: Called Strike
0-1: Ball
1-1: Foul Ball, location: 5SF
1-2: Strikes out swinging
Batting: RHB Jim Unknown 0-0: Ball
1-0: Ball
2-0: Ball
3-0: Fly out, F9 (Flyball, 9LSF, EV 98.8 MPH)
Batting: SHB Jim Unknown 0-0: Foul Ball, location: 2F
0-1: Ball
1-1: Ball
2-1: Foul Ball, location: 2F
2-2: Strikes out swinging
Top of the 2nd over - 0 runs, 0 hits, 0 errors, 0 left on base; FCL New York (N) 0 - FCL Houston 0
BOTTOM OF THE 2ND
FCL Houston Astros batting - Pitching for FCL New York (N) Mets : RHP Jim Unknown
Batting: LHB Orlando Rodríguez 0-0: Called Strike
0-1: Called Strike
0-2: SINGLE (Line Drive, 89M, EV 104.4 MPH)
Batting: LHB Juan Chacón 0-0: Called Strike
Orlando Rodríguez steals 2nd base
0-1: Ball
1-1: Called Strike
1-2: Reached on error, E6 (Groundball, 6, EV 90.0 MPH)
Batting: RHB Cal Blackwell 0-0: Foul Ball, location: 9LSF
0-1: Swinging Strike
0-2: Strikes out looking
Batting: RHB Sancho Martínez 0-0: SINGLE (Line Drive, 4D, EV 102.5 MPH)
Orlando Rodríguez to third
Juan Chacón to second
Batting: SHB Ben Payne 0-0: Ball
1-0: Ball
2-0: Called Strike
2-1: Fly out, F9 (Flyball, 9D, EV 85.6 MPH)
Runner from 3rd tags up, SCORES, throw by RF
Juan Chacón to third
Batting: RHB Luigi Canavan 0-0: Ball
1-0: Foul Ball, location: 2F
1-1: Ball
2-1: Foul Ball, location: 9LSF
2-2: Foul Ball, location: 2LF
2-2: Foul Ball, location: 3DF
2-2: Ball
3-2: Hit by Pitch
Sancho Martínez to second
Batting: LHB Joe Smith 0-0: Called Strike
0-1: Called Strike
0-2: Ball
1-2: Ball
2-2: Ball
3-2: Base on Balls
Juan Chacón scores
Sancho Martínez to third
Luigi Canavan to second
Batting: LHB Jerry Dorsey 0-0: Ball
1-0: Ball
2-0: Called Strike
2-1: Ball
3-1: Base on Balls
Sancho Martínez scores
Luigi Canavan to third
Joe Smith to second
Batting: RHB Gilberto Rodríguez 0-0: Called Strike
0-1: Called Strike
0-2: GRAND SLAM HOME RUN (Flyball, 7LD, EV 96.3 MPH), Distance : 342 ft
Pitching: LHP Jim Unknown
Batting: LHB Orlando Rodríguez 0-0: Ball
1-0: Ball
2-0: Called Strike
2-1: Ground out 4-3 (Groundball, 4M, EV 100.6 MPH)
Bottom of the 2nd over - 7 runs, 3 hits, 1 error, 0 left on base; FCL New York (N) 0 - FCL Houston 7
TOP OF THE 3RD
FCL New York (N) Mets batting - Pitching for FCL Houston Astros : RHP Dan Allison
Batting: RHB Jim Unknown 0-0: Swinging Strike
0-1: Swinging Strike
0-2: Ball
1-2: Foul Ball, location: 3FF
1-2: Ball
2-2: Strikes out swinging, 2-3 out at first.
Batting: RHB Jim Unknown 0-0: Ball
1-0: Fly out, F4 (Popup, 4MD, EV 64.4 MPH)
Batting: RHB Jim Unknown 0-0: Ball
1-0: SOLO HOME RUN (Flyball, 78XD, EV 103.8 MPH), Distance : 385 ft
Batting: LHB Jim Unknown 0-0: Ball
1-0: Foul Ball, location: 2RF
1-1: Ball
2-1: Fly out, F6 (Popup, 6MS, EV 66.3 MPH)
Top of the 3rd over - 1 run, 1 hit, 0 errors, 0 left on base; FCL New York (N) 1 - FCL Houston 7
BOTTOM OF THE 3RD
FCL Houston Astros batting - Pitching for FCL New York (N) Mets : LHP Jim Unknown
Batting: LHB Juan Chacón 0-0: Called Strike
0-1: Ball
1-1: Called Strike
1-2: Ball
2-2: Fly out, F9 (Flyball, 89M, EV 98.8 MPH)
Batting: RHB Cal Blackwell 0-0: Ground out 5-3 (Groundball, 5, EV 105.0 MPH)
Batting: RHB Sancho Martínez 0-0: Ball
1-0: Called Strike
1-1: Ball
2-1: SOLO HOME RUN (Flyball, 8RXD, EV 108.1 MPH), Distance : 439 ft
Batting: SHB Ben Payne 0-0: Ball
1-0: SINGLE (Line Drive, 4MD, EV 95.6 MPH)
Batting: RHB Luigi Canavan 0-0: Ball
Ben Payne steals 2nd base (no throw)
1-0: Foul Ball, location: 9LMF
1-1: Ball
2-1: Foul Ball, location: 9LSF
2-2: Ball
3-2: Foul Ball, location: 7LMF
3-2: Foul Ball, location: 7LSFF
3-2: Base on Balls
Batting: LHB Joe Smith 0-0: Ball
1-0: Swinging Strike
1-1: Foul Ball, location: 2F
1-2: Ball
2-2: Ball
3-2: Hit by Pitch
Ben Payne to third
Luigi Canavan to second
Batting: LHB Jerry Dorsey 0-0: Foul Ball, location: 7LMF
0-1: Ball
1-1: Called Strike
1-2: Strikes out swinging
Bottom of the 3rd over - 1 run, 2 hits, 0 errors, 3 left on base; FCL New York (N) 1 - FCL Houston 8
TOP OF THE 4TH
FCL New York (N) Mets batting - Pitching for FCL Houston Astros : RHP Dan Allison
Batting: LHB Jim Unknown 0-0: Ball
1-0: Ground out U3 (Groundball, 3L, EV 86.9 MPH)
Batting: LHB Jim Unknown 0-0: SOLO HOME RUN (Flyball, 78XD, EV 110.0 MPH), Distance : 405 ft
Batting: SHB Jim Unknown 0-0: Ball
1-0: DOUBLE (Flyball, 8LXD, EV 104.4 MPH)
Batting: RHB Jim Unknown 0-0: Called Strike
0-1: Hit by Pitch
Batting: SHB Jim Unknown 0-0: Ball
1-0: Swinging Strike
1-1: Ball
2-1: Foul Ball, location: 7LDF
2-2: Fly out, F9 (Flyball, 9, EV 83.8 MPH)
Batting: RHB Jim Unknown 0-0: Foul Ball, location: 2F
0-1: Swinging Strike
0-2: Ball
1-2: Ball
2-2: Ball
3-2: Strikes out swinging
Top of the 4th over - 1 run, 2 hits, 0 errors, 2 left on base; FCL New York (N) 2 - FCL Houston 8
BOTTOM OF THE 4TH
FCL Houston Astros batting - Pitching for FCL New York (N) Mets : LHP Jim Unknown
Batting: RHB Gilberto Rodríguez 0-0: Foul Ball, location: 25F
0-1: Called Strike
0-2: Foul Ball, location: 9LMFF
0-2: Ball
1-2: Ball
2-2: Ball
3-2: Base on Balls
Batting: LHB Orlando Rodríguez 0-0: Ball
1-0: Foul Ball, location: 2F
1-1: Ball
2-1: Foul Ball, location: 23F
2-2: Foul Ball, location: 3F
2-2: Strikes out swinging
Batting: LHB Juan Chacón 0-0: Foul Ball, location: 2F
0-1: Ground out 4-3 (Groundball, 34, EV 101.9 MPH)
Gilberto Rodríguez to second
Batting: RHB Cal Blackwell 0-0: Ground out 5-3 (Groundball, 5S, EV 86.3 MPH)
Bottom of the 4th over - 0 runs, 0 hits, 0 errors, 1 left on base; FCL New York (N) 2 - FCL Houston 8
TOP OF THE 5TH
FCL New York (N) Mets batting - Pitching for FCL Houston Astros : RHP Dan Allison
Batting: RHB Jim Unknown 0-0: Ball
1-0: Foul Ball, location: 2F
1-1: Ball
2-1: Foul Ball, location: 5FF
2-2: Strikes out looking
Batting: RHB Jim Unknown 0-0: Ground out 1-3 (Groundball, 13S, EV 73.8 MPH)
Batting: LHB Jim Unknown 0-0: Foul Ball, location: 25F
0-1: Ball
1-1: Swinging Strike
1-2: Foul Ball, location: 7LSF
1-2: Ball
2-2: Strikes out looking
Top of the 5th over - 0 runs, 0 hits, 0 errors, 0 left on base; FCL New York (N) 2 - FCL Houston 8
BOTTOM OF THE 5TH
FCL Houston Astros batting - Pitching for FCL New York (N) Mets : LHP Jim Unknown
Batting: RHB Sancho Martínez 0-0: Foul Ball, location: 5FF
0-1: Ball
1-1: Ball
2-1: Fly out, F9 (Flyball, 89M, EV 89.4 MPH)
Batting: SHB Ben Payne 0-0: Ball
1-0: Ball
2-0: Ball
3-0: Base on Balls
Pitching: LHP Jim Unknown
Batting: RHB Luigi Canavan 0-0: Ball
1-0: Ball
2-0: Foul Ball, location: 2F
2-1: Ball
3-1: Fly out, F4 (Popup, 4, EV 74.4 MPH)
Batting: LHB Joe Smith 0-0: Called Strike
0-1: Ball
1-1: Ball
2-1: Ground out 4-3 (Groundball, 34, EV 86.9 MPH)
Bottom of the 5th over - 0 runs, 0 hits, 0 errors, 1 left on base; FCL New York (N) 2 - FCL Houston 8
TOP OF THE 6TH
FCL New York (N) Mets batting - Pitching for FCL Houston Astros : RHP Dan Allison
Batting: LHB Jim Unknown 0-0: Ball
1-0: TRIPLE (Flyball, 89XD, EV 106.3 MPH)
Batting: LHB Jim Unknown 0-0: Ball
1-0: Foul Ball, location: 25FF
1-1: Ball
2-1: Called Strike
2-2: Ball
3-2: Strikes out swinging
Batting: SHB Jim Unknown 0-0: Called Strike
0-1: Called Strike
0-2: Strikes out swinging
Batting: RHB Jim Unknown 0-0: Foul Ball, location: 2F
0-1: Ground out 5-3 (Groundball, 5, EV 78.1 MPH)
Top of the 6th over - 0 runs, 1 hit, 0 errors, 1 left on base; FCL New York (N) 2 - FCL Houston 8
BOTTOM OF THE 6TH
FCL Houston Astros batting - Pitching for FCL New York (N) Mets : LHP Jim Unknown
Batting: LHB Jerry Dorsey 0-0: Ball
1-0: Fly out, F9 (Flyball, 89M, EV 93.8 MPH)
Batting: RHB Gilberto Rodríguez 0-0: Ball
1-0: Called Strike
1-1: Called Strike
1-2: Strikes out swinging
Batting: LHB Orlando Rodríguez 0-0: Ball
1-0: Swinging Strike
1-1: Foul Ball, location: 23FF
1-2: Ground out 5-3 (Groundball, 5, EV 81.9 MPH)
Bottom of the 6th over - 0 runs, 0 hits, 0 errors, 0 left on base; FCL New York (N) 2 - FCL Houston 8
TOP OF THE 7TH
FCL New York (N) Mets batting - Pitching for FCL Houston Astros : RHP Dan Allison
Batting: SHB Jim Unknown 0-0: Called Strike
0-1: Ball
1-1: Called Strike
1-2: Ball
2-2: Ball
3-2: Foul Ball, location: 7LSF
3-2: Base on Balls
Batting: RHB Jim Unknown 0-0: Ball
1-0: Called Strike
Jim Unknown steals 2nd base
1-1: Swinging Strike
1-2: Ball
2-2: Fly out, F7 (Flyball, 7S, EV 90.6 MPH)
Batting: RHB Jim Unknown 0-0: Called Strike
0-1: Called Strike
0-2: Strikes out looking
Batting: RHB Jim Unknown 0-0: Foul Ball, location: 2F
0-1: Ground out 6-3 (Groundball, 6, EV 108.8 MPH)
Top of the 7th over - 0 runs, 0 hits, 0 errors, 1 left on base; FCL New York (N) 2 - FCL Houston 8
BOTTOM OF THE 7TH
FCL Houston Astros batting - Pitching for FCL New York (N) Mets : LHP Jim Unknown
Batting: LHB Juan Chacón 0-0: Swinging Strike
0-1: Called Strike
0-2: Ball
1-2: Ball
2-2: Ball
3-2: Fly out, F5 (Line Drive, 5L, EV 65.6 MPH)
Batting: RHB Cal Blackwell 0-0: Ball
1-0: SINGLE (Groundball, 6MS, EV 68.8 MPH) (infield hit)
Batting: RHB Sancho Martínez 0-0: Fly out, F8 (Flyball, 8LM, EV 89.4 MPH)
Batting: SHB Ben Payne 0-0: Called Strike
0-1: Foul Ball, location: 2F
0-2: Ball
1-2: Foul Ball, location: 7LMF
1-2: Ball
2-2: Ball
3-2: 2-RUN HOME RUN (Flyball, 78XD, EV 103.8 MPH), Distance : 420 ft
Batting: RHB Luigi Canavan 0-0: Ball
1-0: Ball
2-0: Ball
3-0: Base on Balls
Batting: LHB Joe Smith 0-0: Called Strike
0-1: Ball
1-1: Foul Ball, location: 2F
1-2: Ball
2-2: Ball
3-2: Fly out, F8 (Flyball, 8RXD, EV 90.0 MPH)
Bottom of the 7th over - 2 runs, 2 hits, 0 errors, 1 left on base; FCL New York (N) 2 - FCL Houston 10
TOP OF THE 8TH
FCL New York (N) Mets batting - Pitching for FCL Houston Astros : RHP Dan Allison
Pitching: RHP Juan Avellanal
Pinch Hitting: SHB Jim Unknown 0-0: Ball
1-0: Ground out 4-3 (Groundball, 34D, EV 105.0 MPH)
Batting: LHB Jim Unknown 0-0: Called Strike
0-1: Called Strike
0-2: Ball
1-2: Strikes out swinging
Batting: LHB Jim Unknown 0-0: Called Strike
0-1: Called Strike
0-2: Strikes out swinging
Top of the 8th over - 0 runs, 0 hits, 0 errors, 0 left on base; FCL New York (N) 2 - FCL Houston 10
BOTTOM OF THE 8TH
FCL Houston Astros batting - Pitching for FCL New York (N) Mets : LHP Jim Unknown
Now in RF: Jim Unknown
Batting: LHB Jerry Dorsey 0-0: Swinging Strike
0-1: Ball
1-1: Ball
2-1: Ball
3-1: Ground out 4-3 (Groundball, 4, EV 93.8 MPH)
Batting: RHB Gilberto Rodríguez 0-0: Called Strike
0-1: Swinging Strike
0-2: Ball
1-2: Ball
2-2: Ball
3-2: Foul Ball, location: 5FF
3-2: Base on Balls
Pitching: RHP Jim Unknown
Batting: LHB Orlando Rodríguez 0-0: Ball
1-0: 2-RUN HOME RUN (Flyball, 8LXD, EV 110.0 MPH), Distance : 425 ft
Batting: LHB Juan Chacón 0-0: Ball
1-0: Ball
2-0: Foul Ball, location: 7LMF
2-1: Ball
3-1: Base on Balls
Batting: RHB Cal Blackwell 0-0: Called Strike
0-1: Fly out, F8 (Flyball, 8RM, EV 87.5 MPH)
Batting: RHB Sancho Martínez 0-0: Ball
1-0: Ball
2-0: Ball
3-0: Base on Balls
Juan Chacón to second
Batting: SHB Ben Payne 0-0: Ball
1-0: Foul Ball, location: 7LDF
1-1: Swinging Strike
1-2: Ball
2-2: Foul Ball, location: 7LMF
2-2: Fielders Choice at 2nd, 6-4 (Groundball, 6, EV 90.0 MPH)
Bottom of the 8th over - 2 runs, 1 hit, 0 errors, 2 left on base; FCL New York (N) 2 - FCL Houston 12
TOP OF THE 9TH
FCL New York (N) Mets batting - Pitching for FCL Houston Astros : RHP Juan Avellanal
Pinch Hitting: RHB Jim Unknown 0-0: Foul Ball, location: 25F
0-1: Called Strike
0-2: Strikes out swinging
Pinch Hitting: SHB Jim Unknown 0-0: Ball
1-0: SINGLE (Flyball, 8LS, EV 100.6 MPH)
Pinch Hitting: RHB Jim Unknown 0-0: 2-RUN HOME RUN (Flyball, 7D, EV 105.0 MPH), Distance : 373 ft
Pinch Hitting: RHB Jim Unknown 0-0: Ball
1-0: Ball
2-0: Ball
3-0: Foul Ball, location: 2F
3-1: Base on Balls
Batting: SHB Jim Unknown 0-0: Swinging Strike
0-1: Called Strike
0-2: Ball
1-2: Strikes out swinging
Batting: RHB Jim Unknown 0-0: Fly out, F9 (Flyball, 9LSF, EV 94.4 MPH)
Top of the 9th over - 2 runs, 2 hits, 0 errors, 1 left on base; FCL New York (N) 4 - FCL Houston 12
Wednesday, May 1st , 2024 - OOTP Baseball 24.10 Build 82